 Dungeon Crawl Stone Soup version 0.30-a0-219-gf2db51d15e (webtiles) character file.

Game seed: 18347131392344898052

4127 funkygono the Geomancer (level 10, -1/53 HPs)
             Began as a Gargoyle Earth Elementalist on Oct 6, 2022.
             Slain by a balrug
             ... wielding a +0 demon whip of draining
              (13 damage)
             ... on level 1 of the Abyss.
             The game lasted 00:14:50 (8324 turns).

funkygono the Geomancer (GrEE)                      Turns: 8324, Time: 00:14:51

Health: -1/53      AC: -1    Str: 12    XL:     10   Next: 27%
Magic:  16/21      EV: 16    Int: 20    God:
Gold:   1266       SH:  0    Dex: 10    Spells: 15/24 levels left

rFire   + . .      SeeInvis .    A - +7 morningstar (flame)
rCold   . . .      Faith    .    (no shield)
rNeg    + . .      Spirit   .    k - +1 robe of Effyse {Harm rF+ Regen+ Slay+3}
rPois   ∞          Reflect  .    (no helmet)
rElec   +          Harm     +    (no cloak)
rCorr   .          Rampage  .    s - +1 pair of gloves
Will    .....                    r - +1 pair of boots
Stlth   ++........               (no amulet)
HPRegen 1.08/turn                u - +4 ring of slaying
MPRegen 0.17/turn                l - +4 ring of evasion

@: corroded
A: sickness immunity, AC +7, negative energy resistance 1, electricity
resistance, torment resistance 1, petrification resistance
a: no special abilities


You were on level 1 of the Abyss.
You visited 2 branches of the dungeon, and saw 10 of its levels.
You visited the Abyss 1 time.

You collected 1391 gold pieces.
You spent 125 gold pieces at shops.

Inventory:

Hand Weapons
 f - a +0 vorpal whip
 h - a +1 vorpal flail
 A - a +7 morningstar of flaming (weapon)
 B - a +3 flail
 D - a +2 vorpal mace
Armour
 a - a +0 robe
 k - the +1 robe of Effyse (worn) {Harm rF+ Regen+ Slay+3}
   (You bought it in a shop on level 3 of the Dungeon)

   Slay:      It affects your accuracy & damage with ranged weapons and melee
   (+3).
   rF:        It protects you from fire.
   Regen:     It increases your rate of health regeneration.
   Harm:      It increases damage dealt and taken.
 r - a +1 pair of boots (worn)
 s - a +1 pair of gloves (worn)
Jewellery
 e - a ring of resist corrosion
 l - a +4 ring of evasion (right hand)
 u - a +4 ring of slaying (left hand)
Wands
 i - a wand of paralysis (7)
 y - a wand of iceblast (8)
Scrolls
 o - 6 scrolls of teleportation
 v - 2 scrolls of fear
Potions
 b - a potion of magic
 c - 2 potions of attraction
 d - 3 potions of curing
 g - 3 potions of might
 j - 2 potions of resistance
 m - 2 potions of invisibility
 n - a potion of ambrosia {unknown}
 p - a potion of haste {unknown}
 q - 2 potions of lignification {unknown}
 t - 3 potions of heal wounds
 x - a potion of brilliance {unknown}
 z - a potion of flight {unknown}


   Skills:
 + Level 1.8 Fighting
 + Level 3.3 Maces & Flails
 + Level 3.3 Dodging
 - Level 2.1 Stealth
 + Level 7.9 Spellcasting
 * Level 2.1 Conjurations
 + Level 5.2 Transmutations
 + Level 10.5 Earth Magic


You had 15 spell levels left.
You knew the following spells:

 Your Spells              Type           Power      Damage    Failure   Level
a - Sandblast             Erth           100%       2d20      1%          1
b - Passwall              Tmut/Erth      32%        N/A       1%          2
c - Stone Arrow           Conj/Erth      66%        3d11      1%          3
d - Magic Dart            Conj           64%        1d6       3%          1
e - Searing Ray           Conj           32%        2d5       5%          2

Your spell library contained the following spells:

 Spells                   Type           Power      Damage    Failure   Level
 Petrify                  Tmut/Erth      39%        N/A       3%          4
 Kiss of Death            Conj/Necr      48%        2d9       5%          1
 Confusing Touch          Hex            7%         N/A       26%         3
 Fulminant Prism          Conj/Hex       6%         3d7       50%         4
 Dispel Undead            Necr           7%         3d8       65%         4


Dungeon Overview and Level Annotations

Branches:
Dungeon (9/15)             Temple (1/1) D:5
   Lair: D:8-11         Orc: D:9-12

Altars:
Ashenzari
Dithmenos
Elyvilon
Fedhas
Gozag
Hepliaklqana
Kikubaaqudgha
Nemelex Xobeh
Okawaru
Qazlal
Ru
Sif Muna
Trog
Uskayaw
Wu Jian
Xom
Yredelemnul
Zin
The Shining One

Shops:
D:3 [

Annotations:
D:9 Erolcha


Innate Abilities, Weirdness & Mutations

You are immune to sickness and miasma.
Your stone body is resilient. (AC +7)
You are immune to poison.
You resist negative energy. (rN+)
You are resistant to electric shocks. (rElec)
You are resistant to unholy torment.
You are immune to petrification.


Message History

The rust devil blinks!
You hit the rust devil.
The rust devil is lightly wounded.
The ufetubus misses you. The ufetubus barely misses you. x2
The ufetubus misses you. The rust devil hits you. The rust devil corrodes you!
The guardian serpent casts a spell at you.
The bolt of poison misses you.
The balrug shouts!
The rust devil hits you. The rust devil corrodes you!
The rust devil attacks as you move away!
The rust devil hits you! The rust devil corrodes you!
The guardian serpent coils itself and waves its upper body at you.
The bolt of poison hits the rust devil.
The bolt of poison hits you but does no damage.
You resist.
The ufetubus hits you but does no damage.
The ufetubus completely misses you.
Unknown command.
Casting: Sandblast (safe; 1% risk of failure)
Confirm with . or Enter, or press ? or * to list all spells.
Aiming: Sandblast (safe; 1% risk of failure)
Press: ? - help, Shift-Dir - straight line, f - ufetubus
Aim: an ufetubus (76% to hit)
The blast of sand hits the ufetubus!
You kill the ufetubus!
The guardian serpent coils itself and waves its upper body at you.
The balrug blinks!
The rust devil misses you.
Casting: Sandblast (safe; 1% risk of failure)
Confirm with . or Enter, or press ? or * to list all spells.
Aiming: Sandblast (safe; 1% risk of failure)
Press: ? - help, Shift-Dir - straight line, f - guardian serpent
Aim: a guardian serpent (78% to hit)
The blast of sand hits the guardian serpent but does no damage.
The guardian serpent closely misses you.
The rust devil hits you. The rust devil corrodes you!
The guardian serpent hits you!!
Ouch! That really hurt!
* * * LOW HITPOINT WARNING * * *
The balrug hits you with a +0 demon whip of draining!
You die...

...# #. #..# #.##
####..# ### . ##....
#.....# ..#.#
#......# #.#..###...#
.. .#.####...#......
. #..#..........#
.### ....#.#.S4##.#.#
....
#.#......#.@.§...# ..
#....##..#..2##...#..
. ####..# .#...#.
#..# #.#. #.##..#.#
... ##.... ..####. ..
. #...# ## . . #...
....#.


You could see a balrug, a guardian serpent and a rust devil.

Vanquished Creatures
  A cyclops (D:8)
  Prince Ribbit (D:7)
  A wyvern (D:7)
  A wraith (D:9)
  A steam dragon (D:8)
  A chaos spawn (Abyss:1)
  2 orc warriors
  4 ice beasts
  A sky beast (D:8)
  3 black bears
  4 centaurs
  A small abomination (Abyss:1)
  A phantom (D:5)
  A kobold brigand (D:8)
  2 bullfrogs
  6 scorpions
  5 wights (D:7)
  A gnoll bouda (D:7)
  3 hounds
  2 orc priests
  A jelly (D:4)
  An iron imp (Abyss:1)
  Jessica (D:3)
  7 iguanas
  8 orc wizards
  A gnoll (D:1)
  An adder (D:2)
  A shadow imp (D:5)
  A white imp (D:7)
  3 ufetubi
  3 worms
  4 dart slugs
  24 orcs
  6 endoplasms
  3 giant cockroaches
  7 goblins
  4 hobgoblins
  10 kobolds
  6 quokkas
  4 ball pythons
  2 bats (D:3)
  6 frilled lizards
  5 rats
151 creatures vanquished.

Vanquished Creatures (others)
  A bush (D:6)
  8 fungi (D:4)
9 creatures vanquished.

Grand Total: 160 creatures vanquished

Notes
Turn   | Place    | Note
-------+----------+-------------------------------------------
     0 | D:1      | funkygono the Gargoyle Earth Elementalist began the quest
                  | for the Orb.
     0 | D:1      | Reached XP level 1. HP: 10/10 MP: 3/3
    30 | D:1      | Reached skill level 1 in Transmutations
   214 | D:1      | Reached skill level 4 in Earth Magic
   214 | D:1      | Reached XP level 2. HP: 15/15 MP: 0/5
   217 | D:1      | Learned a level 2 spell: Passwall
   289 | D:1      | Found a faded altar of an unknown god.
   636 | D:1      | Reached XP level 3. HP: 19/19 MP: 4/6
   640 | D:1      | Learned a level 3 spell: Stone Arrow
  1720 | D:2      | Reached XP level 4. HP: 23/24 MP: 8/8
  1934 | D:3      | Noticed Jessica
  1935 | D:3      | Killed Jessica
  2282 | D:3      | Found Kostraomm's Antique Armour Shop.
  2650 | D:3      | Found a blossoming altar of Fedhas.
  2866 | D:4      | Reached XP level 5. HP: 28/28 MP: 8/10
  3011 | D:4      | Reached skill level 5 in Earth Magic
  3142 | D:4      | Reached skill level 1 in Maces & Flails
  3142 | D:4      | Reached XP level 6. HP: 27/32 MP: 9/11
  3333 | D:4      | Found a broken altar of Ashenzari.
  3523 | D:4      | Reached skill level 6 in Earth Magic
  3928 | D:5      | Entered Level 5 of the Dungeon
  3935 | D:5      | Found an opulent altar of Gozag.
  3979 | D:5      | Reached XP level 7. HP: 37/37 MP: 11/13
  4010 | D:5      | Found a staircase to the Ecumenical Temple.
  4017 | Temple   | Entered the Ecumenical Temple
  4597 | D:5      | Reached skill level 1 in Fighting
  4898 | D:5      | Learned a level 1 spell: Magic Dart
  4901 | D:5      | Learned a level 2 spell: Searing Ray
  4928 | D:6      | Reached skill level 5 in Spellcasting
  4928 | D:6      | Reached XP level 8. HP: 26/43 MP: 9/15
  5122 | D:6      | Reached skill level 7 in Earth Magic
  5870 | D:7      | Found a white marble altar of Elyvilon.
  5982 | D:7      | Noticed a wyvern
  5990 | D:7      | Killed a wyvern
  6119 | D:7      | Reached skill level 8 in Earth Magic
  6194 | D:7      | Noticed Prince Ribbit
  6250 | D:7      | Killed Prince Ribbit
  6251 | D:7      | Reached XP level 9. HP: 48/48 MP: 13/18
  6939 | D:8      | Reached skill level 5 in Transmutations
  6939 | D:8      | Reached skill level 9 in Earth Magic
  7021 | D:8      | Noticed a cyclops
  7024 | D:8      | Killed a cyclops
  7190 | D:8      | Reached skill level 1 in Conjurations
  7193 | D:8      | Reached XP level 10. HP: 53/53 MP: 10/21
  7673 | D:8      | Reached skill level 10 in Earth Magic
  7988 | D:8      | Identified a scroll of acquirement
  7988 | D:8      | Acquired 1131 gold pieces
  8081 | D:3      | Bought a heavy robe for 125 gold pieces
  8081 | D:3      | Identified the +1 robe of Effyse {Harm rF+ Regen+ Slay+3}
                  | (You bought it in a shop on level 3 of the Dungeon)
  8185 | D:9      | Noticed Erolcha
  8185 | Abyss:1  | Cast into level 1 of the Abyss (Erolcha)
  8224 | Abyss:1  | Noticed a flayed ghost
  8245 | Abyss:1  | Found a corrupted altar of Lugonu.
  8257 | Abyss:1  | Noticed a tentacled starspawn
  8312 | Abyss:1  | Noticed a rust devil
  8316 | Abyss:1  | Noticed a guardian serpent
  8318 | Abyss:1  | Noticed a balrug
  8324 | Abyss:1  | Slain by a balrug

Illustrated notes

Levels and vault maps discovered:
D:1:      ebering_trefoil_3fold, layout_loops_cross,
          hellmonk_ecumenical_altar_slurped_away
D:2:      layout_loops_corners
D:3:      layout_loops_cross, fedhas_altar_fruit_tree, serial_shops,
          nicolae_shop_behind_doors, uniq_jessica
D:4:      layout_loops_cross, mainiacjoe_overflow_alcove_1, serial_aquarium,
          aquarium_bridge_square [aquarium_subvault_wall,
          aquarium_subvault_bridge, aquarium_subvault_window,
          aquarium_subvault_wall], aquarium_window_corridor_1,
          aquarium_window_fake, aquarium_window_1, aquarium_view_2d,
          aquarium_view_2c, aquarium_balcony_5b
D:5:      layout_layer_cave, grunt_gozag_statues,
          minmay_temple_entry_sparse_star
D:6:      layout_loops_cross, corexii_item_surrounded_by_moat, minmay_hedge_maze
D:7:      layout_cave_pools, nicolae_elyvilon_peaceful_grove,
          minmay_fractal_squares_gapless_5, uniq_prince_ribbit1
D:8:      layout_basic
D:9:      layout_long_grid, chequers_temple_overflow_minitemple,
          dpeg_oklobed_lair, feat_on_display, uniq_erica, uniq_maggie,
          uniq_erolcha, uniq_psyche
Temple:   eino_wide_crystal_templ
Abyss:1:  base:
D:2

Skill      XL: |  1  2  3  4  5  6  7  8  9 10 |
---------------+-------------------------------+-----
Transmutations | 1 2 3 4 5 |  5.2
Earth Magic    | 4 5 6 8 9 10 | 10.5
Spellcasting   | 3 4 5 6 7 |  7.9
Maces & Flails | 1 2 3 |  3.3
Fighting       | 1 |  1.8
Dodging        | 2 3 |  3.3
Conjurations   | 1 2 |  2.1
Stealth        | |  2.1

Action                   |  1- 3 |  4- 6 |  7- 9 | 10-12 || total
-------------------------+-------+-------+-------+-------++-------
Melee: Unarmed           |     2 |       |       |       ||     2
       Flail             |     5 |    44 |    36 |       ||    85
       Morningstar       |       |       |     7 |     6 ||    13
 Cast: Sandblast         |    50 |    46 |   123 |    22 ||   241
       Passwall          |       |     2 |       |       ||     2
       Stone Arrow       |       |       |     6 |    16 ||    22
  Use: Scroll            |       |    12 |     8 |     4 ||    24
Armor: Robe              |     4 |    21 |    38 |     8 ||    71
Dodge: Dodged            |    16 |    31 |    68 |    32 ||   147

Table legend: (Time is in decaauts)
 A = Elapsed time spent in this place.
 B = Non-inter-level travel time spent in this place.
 C = Inter-level travel time spent in this place.
 D = Time resting spent in this place.
 E = Time spent auto-exploring this place.
 F = Levels seen in this place.
 G = Mean time per level.
                   A        B        C        D        E       F      G
               +--------+--------+--------+--------+--------+-----+--------+
         Total |   8486 |   8192 |    294 |    452 |   6343 |  11 |  771.5 |
       Dungeon |   8270 |   7999 |    271 |    452 |   6303 |   9 |  918.9 |
        Temple |     72 |     50 |     22 |      0 |     40 |   1 |   72.0 |
         Abyss |    143 |    143 |      0 |      0 |      0 |   1 |  143.0 |
               +--------+--------+--------+--------+--------+-----+--------+

Top non-repeatable levels by time:
     D:4: 1179 daAuts
     D:8: 1155 daAuts
     D:1: 1081 daAuts
     D:7: 1046 daAuts
     D:6: 994 daAuts
     D:5: 964 daAuts
     D:3: 942 daAuts
     D:2: 879 daAuts
 Abyss:1: 143 daAuts
  Temple: 72 daAuts
     D:9: 27 daAuts
